 Dungeon Crawl Stone Soup version 0.28.0-53-g5a82cb258f (webtiles) character file.

Game seed: 18412229417298194138

1942 Gabide the Martial Artist (level 8, -16/60 HPs)
             Began as a Mummy Necromancer on June 2, 2022.
             Demolished by a two-headed ogre
             ... wielding a +0 giant club
              (32 damage)
             ... on level 7 of the Dungeon.
             The game lasted 00:13:42 (6331 turns).

Gabide the Martial Artist (Mummy Necromancer)       Turns: 6331, Time: 00:13:43

Health: -16/60     AC:  9    Str: 11    XL:     8   Next: 98%
Magic:  1/12       EV: 11    Int: 16    God:
Gold:   204        SH:  0    Dex: 13    Spells: 5/13 levels left

rFire   x . .      SeeInvis .     - Unarmed
rCold   + . .      Faith    .   (no shield)
rNeg    + + +      Spirit   .   m - +3 leather armour
rPois   ∞          Reflect  .   (no helmet)
rElec   .          Harm     .   (no cloak)
rCorr   .          Rampage  .   n - +0 pair of gloves
Will    +....                   h - +1 pair of boots
Stlth   ++........              (no amulet)
HPRegen 0.20/turn               (no ring)
MPRegen 0.13/turn               (no ring)

@: no status effects
A: cold resistance 1, negative energy resistance 3, torment resistance 2, heat
vulnerability 1, no potions
a: no special abilities


You were on level 7 of the Dungeon.
You visited 1 branch of the dungeon, and saw 7 of its levels.

You collected 204 gold pieces.

Inventory:

Missiles
 b - 6 boomerangs
 i - 4 poisoned darts
Armour
 g - an orb of energy
 h - a +1 pair of boots (worn)
 m - a +3 leather armour (worn)
 n - a +0 pair of gloves (worn)
Wands
 k - a wand of polymorph (7)
Scrolls
 a - a scroll of blinking
 d - 2 scrolls of teleportation
 f - a scroll of immolation
 j - a scroll of noise {unknown}
 l - a scroll of amnesia {unknown}


   Skills:
 - Level 4.0 Fighting
 - Level 2.0 Dodging
 - Level 1.5 Stealth
 - Level 8.0 Unarmed Combat
 - Level 3.0 Spellcasting
 + Level 6.3 Necromancy


You had 5 spell levels left.
You knew the following spells:

 Your Spells              Type           Power      Damage    Failure   Level
a - Pain                  Necr           88%        1d8       1%          1
b - Vampiric Draining     Necr           22%        2d7       5%          3
c - Animate Dead          Necr           11%        N/A       19%         4

Your spell library contained the following spells:

 Spells                   Type           Power      Damage    Failure   Level
 Animate Skeleton         Necr           44%        N/A       1%          1
 Agony                    Necr           22%        N/A       45%         5
 Petrify                  Tmut/Erth      2%         N/A       94%         4
 Irradiate                Conj/Tmut      1%         3d14      100%        5
 Sublimation of Blood     Necr           Unusable   N/A       N/A         2

Dungeon Overview and Level Annotations

Branches:
Dungeon (7/15)
 Temple: D:4-7

Altars:

Shops:
D:3 [   D:5 !

Annotations:
D:2 Sigmund


Innate Abilities, Weirdness & Mutations

You are immune to poison.
Your flesh is cold resistant. (rC+)
You are immune to negative energy. (rN+++)
You are immune to unholy pain and torment.
You are vulnerable to heat. (rF-)
You do not drink.


Message History

Press: ? - help, Q - select action, (/) - cycle Shift-Dir - straight line, f/p - two-headed ogre
Aim: a two-headed ogre, wielding two +0 giant clubs (heavily wounded, 74% to hit)
Okay, then.
Unknown command.
You see here a +0 ring mail.
Press: ? - help, v - describe, . - travel, g - get item
Items here: a +0 flail; a +0 leather armour.
The floor.
Unknown command.
Aiming: Vampiric Draining (dangerous; 5% risk of failure)
Press: ? - help, Q - select action, (/) - cycle Shift-Dir - straight line, f/p - two-headed ogre
Aim: a two-headed ogre, wielding two +0 giant clubs (heavily wounded)
You draw life force from the two-headed ogre!
You feel life coursing into your body.
The two-headed ogre hits you with a +0 giant club!
The two-headed ogre closely misses you.
Aiming: Vampiric Draining (dangerous; 5% risk of failure)
Press: ? - help, Q - select action, (/) - cycle Shift-Dir - straight line, f/p - two-headed ogre
Aim: a two-headed ogre, wielding two +0 giant clubs (severely wounded)
You draw life force from the two-headed ogre!
You feel life coursing into your body.
You punch the two-headed ogre! You punch the two-headed ogre.
The two-headed ogre is almost dead.
The two-headed ogre hits you with a +0 giant club! x2
* * * LOW HITPOINT WARNING * * *
There is a stone staircase leading up here.
You see here a +0 ring mail.
There is a stone staircase leading up here.
Aiming: Vampiric Draining (dangerous; 5% risk of failure)
Press: ? - help, Q - select action, (/) - cycle Shift-Dir - straight line, f/p - two-headed ogre
Aim: a two-headed ogre, wielding two +0 giant clubs (almost dead)
You draw life force from the two-headed ogre.
You feel life coursing into your body. The two-headed ogre closely misses you.
The two-headed ogre hits you but does no damage.
You see here a +0 ring mail.
There is a stone staircase leading up here.
The two-headed ogre hits you with a +0 giant club!!
Ouch! That really hurt!
You die...

.....(.......#
..............#######
...#..............#..
.........(..........#
..$.#....((..........
#...................
#...................
#....#.#####........
..#......@##[......<
...........O........#
#.#####....)......###
####...#.####
#....... #....#.#..#
#.##...##.# .. ##..#
..# ... ### .#


You could see a two-headed ogre.

Vanquished Creatures
  5 water moccasins
  A sky beast (D:7)
  3 ogres
  2 centaurs (D:6)
  A phantom (D:5)
  A kobold brigand (D:5)
  2 scorpions (D:5)
  2 water moccasin zombies (D:6)
  A killer bee (D:5)
  2 bullfrog zombies
  2 centaur zombies
  A jelly (D:5)
  2 hounds
  2 orc priests
  A bullfrog skeleton (D:5)
  2 iguanas
  A hound skeleton (D:4)
  2 howler monkey skeletons
  4 adders
  2 ufetubi
  2 dart slugs
  9 orcs
  4 endoplasms
  A giant cockroach (D:1)
  5 goblins
  5 hobgoblins
  4 jackals (D:3)
  2 quokkas
  6 ball pythons
  2 bats
  7 frilled lizards
  7 kobolds
  8 rats
101 creatures vanquished.

Vanquished Creatures (others)
  9 plants (D:5)
9 creatures vanquished.

Grand Total: 110 creatures vanquished

Notes
Turn   | Place    | Note
-------+----------+-------------------------------------------
     0 | D:1      | Gabide the Mummy Necromancer began the quest for the Orb.
     0 | D:1      | Reached XP level 1. HP: 13/13 MP: 4/4
   114 | D:1      | Reached skill level 1 in Fighting
   209 | D:1      | Reached XP level 2. HP: 16/22 MP: 0/5
   439 | D:1      | Found a faded altar of an unknown god.
   998 | D:2      | Reached skill level 1 in Unarmed Combat
   998 | D:2      | Reached XP level 3. HP: 25/27 MP: 0/7
  1340 | D:2      | Noticed Sigmund
  1461 | D:3      | Learned a level 3 spell: Vampiric Draining
  1607 | D:3      | Found Kathroun's Antique Armour Emporium.
  1848 | D:3      | Reached skill level 2 in Unarmed Combat
  1972 | D:3      | Reached XP level 4. HP: 33/33 MP: 6/8
  2769 | D:4      | Reached skill level 3 in Unarmed Combat
  2769 | D:4      | Reached XP level 5. HP: 20/38 MP: 2/9
  3042 | D:4      | Noticed an ogre
  3063 | D:5      | Entered Level 5 of the Dungeon
  3255 | D:5      | Reached XP level 6. HP: 44/48 MP: 0/10
  3351 | D:5      | Learned a level 4 spell: Animate Dead
  3595 | D:5      | Noticed a water moccasin
  3614 | D:5      | Killed a water moccasin
  3615 | D:5      | Reached skill level 4 in Unarmed Combat
  3860 | D:5      | Noticed a water moccasin
  3870 | D:5      | Killed a water moccasin
  3871 | D:5      | Reached skill level 5 in Unarmed Combat
  3871 | D:5      | Reached XP level 7. HP: 35/54 MP: 0/11
  4197 | D:5      | Noticed a troll
  4203 | D:5      | a troll changed into a water moccasin
  4379 | D:5      | Reached skill level 6 in Unarmed Combat
  4583 | D:5      | Reached XP level 8. HP: 56/60 MP: 2/12
  4787 | D:5      | Found Apsoogh's Distillery.
  5082 | D:6      | Reached skill level 7 in Unarmed Combat
  5609 | D:6      | Reached skill level 8 in Unarmed Combat
  5710 | D:6      | Reached skill level 5 in Necromancy
  5842 | D:6      | Noticed Eustachio
  5844 | D:6      | Noticed Eustachio
  5844 | D:6      | Eustachio changed into Eustachio the water moccasin
  5848 | D:6      | Killed Eustachio the water moccasin
  6261 | D:7      | Noticed a two-headed ogre
  6331 | D:7      | Demolished by a two-headed ogre

Illustrated notes

Levels and vault maps discovered:
D:1:      lightli_arrival_flooded_house, layout_rooms, basic_ecumenical_altar
D:2:      layout_basic, uniq_sigmund
D:3:      cheibrodos_pilgrimage, layout_basic, serial_shops, shop
D:4:      layout_loops_cross, kennysheep_nub
D:5:      minmay_thick_lines, layout_loops_ring, serial_shops,
          nicolae_shop_crystal, lexackson_kobold_supper
D:6:      layout_basic, uniq_eustachio
D:7:      layout_rooms, minmay_temple_entry_butterflies,
          biasface_ghost_orc_armoury, corner_web_ring, minmay_misc_feat_tower

Skill      XL: |  1  2  3  4  5  6  7  8 |
---------------+-------------------------+-----
Fighting       | 1 2 4 |  4.0
Dodging        | 2 |  2.0
Unarmed Combat | 1 2 3 5 6 8 |  8.0
Spellcasting   | 3 |  3.0
Necromancy     | 6 |  6.3
Stealth        | |  1.5

Action                   |  1- 3 |  4- 6 |  7- 9 || total
-------------------------+-------+-------+-------++-------
Melee: Unarmed           |    20 |    92 |   141 ||   253
       Punch             |       |     2 |    14 ||    16
Throw: Dart              |       |       |    16 ||    16
       Throwing net      |       |       |     2 ||     2
       Boomerang         |       |       |     2 ||     2
 Cast: Pain              |    86 |    41 |    19 ||   146
       Vampiric Draining |       |    12 |    35 ||    47
Evoke: Wand              |       |       |     5 ||     5
  Use: Scroll            |     1 |       |     4 ||     5
 Stab: Held in net/web   |       |       |     1 ||     1
Armor: Robe              |     2 |       |       ||     2
       Ring mail         |     6 |       |       ||     6
       Leather armour    |       |    37 |    71 ||   108
Dodge: Dodged            |    21 |    84 |    97 ||   202
